 Dungeon Crawl Stone Soup version 0.27-a0-679-g77a6b55cf3 (webtiles) character file.

Game seed: 803416192641359928

4 CurlyBrace the Ducker (level 1, 0/15 HPs)
             Began as a Felid Monk on Mar 19, 2021.
             Slain by a jackal (2 damage)
             ... on level 3 of the Dungeon.
             The game lasted 00:00:48 (96 turns).

CurlyBrace the Ducker (Felid Monk)                    Turns: 96, Time: 00:00:48

Health: 0/15       AC:  1    Str:  7    XL:     1   Next: 50%
Magic:  2/2        EV: 19    Int: 17    God:
Gold:   21         SH:  0    Dex: 18    Spells: 0/0 levels left
                                        Lives:  0   Deaths: 0

rFire    . . .     SeeInvis +     - Unarmed
rCold    . . .     Faith    .   (shield unavailable)
rNeg     . . .     Spirit   .   (armour unavailable)
rPois    .         Reflect  .   (helmet unavailable)
rElec    .         Harm     .   (cloak unavailable)
rCorr    .         Rampage  .   (gloves unavailable)
Will     .....                  (boots unavailable)
Stlth    ..........             (no amulet)
HPRegen  0.05/turn              a - +6 ring of intelligence
MPRegen  0.08/turn              (no ring)

@: berserking, very quick
A: very small, claws 1, fangs 3, see invisible, speed 1, shaggy fur 1, stealthy
paws, no weapons or thrown items, no armour, multi-lived
a: no special abilities


You were on level 3 of the Dungeon.
You visited 1 branch of the dungeon, and saw 3 of its levels.

You collected 21 gold pieces.

Inventory:

Jewellery
 a - a +6 ring of intelligence (right paw)
   (You found it on level 2 of the Dungeon)


   Skills:
 + Level 3.1 Fighting
 - Level 4.0 Dodging
 + Level 2.9 Stealth
 + Level 3.0 Unarmed Combat


You couldn't memorise any spells.
You didn't know any spells.
Your spell library contained the following spells:

 Spells                   Type           Power      Damage    Failure   Level
 Animate Skeleton         Necr           0%         N/A       24%         1
 Apportation              Tloc           0%         N/A       24%         1
 Corona                   Hex            0%         N/A       24%         1
 Summon Small Mammal      Summ           0%         N/A       24%         1


Dungeon Overview and Level Annotations

Branches:
Dungeon (2/15)

Altars:


Innate Abilities, Weirdness & Mutations

You have sharp claws.
You have razor-sharp teeth.
You have supernaturally acute eyesight. (SInv)
You cover ground quickly. (Speed+)
You are covered in fur. (AC +1)
Your stealthy paws help you sneak and pounce on unaware monsters.
You are incapable of wielding weapons or throwing items.
You cannot wear armour.
You gain extra lives every three experience levels.


Message History

It is a scroll of identify.
d - a potion of berserk rage
Found a fizzy ruby potion.
You see here a fizzy ruby potion.
b - a fizzy ruby potion
There is a shaft here.
Really dive through this shaft in the floor?
You fall into a shaft and drop 1 floor!
The shaft crumbles and collapses.
An adder and 3 jackals come into view.
Found a scroll of identify and 8 bolts.
The jackal barks! x2; You hear a bark! x2
The jackal barely misses you.
A jackal comes into view.
It was a potion of curing.
You feel better. The jackal bites you.
A red film seems to cover your vision as you go berserk!
You feel yourself moving faster!
You feel mighty! The jackal barely misses you. The jackal bites you.
The jackal misses you. The jackal closely misses you.
Unknown command.
Unknown command.
You barely miss the jackal. The jackal bites you. x2
Unknown command.
You scratch the jackal but do no damage.
The jackal misses you.
Unknown command.
You claw the jackal!
You kill the jackal!
The jackal bites you but does no damage.
The jackal barely misses you. The jackal misses you.
Unknown command.
You claw the jackal!
You kill the jackal!
The jackal bites you.
* * * LOW HITPOINT WARNING * * *
The jackal misses you.
Unknown command.
You scratch the jackal.
You kill the jackal!
The jackal bites you.
You die...

###.###
.........
.........
........#
........#
........#
......S##
#.h..#
#...#@†#
## #..#
.....
.?......
###..#####
#..# #..(
#.#.


You could see an adder and a jackal.

Vanquished Creatures
  A hobgoblin (D:2)
  3 jackals (D:3)
4 creatures vanquished.

Notes
Turn   | Place    | Note
-------+----------+-------------------------------------------
     0 | D:1      | CurlyBrace the Felid Monk began the quest for the Orb.
     0 | D:1      | Reached XP level 1. HP: 10/10 MP: 2/2
    32 | D:1      | You fall into a shaft and drop 1 floor!
    88 | D:2      | You fall into a shaft and drop 1 floor!
    96 | D:3      | Slain by a jackal

Illustrated notes

Levels and vault maps discovered:
D:1:      eino_arrival_water_cross, layout_basic
D:2:      layout_rooms
D:3:      layout_loops_ring

Action                   || total
-------------------------++-------
Melee: Unarmed           ||     8
  Use: Scroll            ||     2
       Potion            ||     2
Armor: Skin              ||     1
Dodge: Dodged            ||    10

Table legend: (Time is in decaauts)
 A = Elapsed time spent in this place.
 B = Non-inter-level travel time spent in this place.
 C = Inter-level travel time spent in this place.
 D = Time resting spent in this place.
 E = Time spent auto-exploring this place.
 F = Levels seen in this place.
 G = Mean time per level.
                   A        B        C        D        E       F      G
               +--------+--------+--------+--------+--------+-----+--------+
         Total |     80 |     80 |      0 |      0 |      0 |   3 |   26.7 |
       Dungeon |     80 |     80 |      0 |      0 |      0 |   3 |   26.7 |
               +--------+--------+--------+--------+--------+-----+--------+

Top non-repeatable levels by time:
     D:2: 48 daAuts
     D:1: 25 daAuts
     D:3: 6 daAuts
